[Event "Titled Tuesday Blitz May 9 Late 2023"]
[White "D`Arruda, Ricardo D."]
[Black "Atanasov, Anthony"]
[WhiteFideId "100692"]
[BlackFideId "2623897"]
[WhiteElo "2430"]
[BlackElo "2326"]
[Result "0-1"]
[Round "05"]
[TimeControl "180+2"]
[Date "2023.05.09"]
[WhiteClock "0:01:26"]
[BlackClock "0:02:10"]

1. Nf3 d5 2. d4 Bf5 3. c4 e6 4. Nc3 Nf6 5. Qb3 Nc6 6. e3 Nb4 7. Nh4 Nc2+ 8. Kd1 Nxa1 9. Qa4+ c6 10. Nxf5 exf5 11. b3 a6 12. cxd5 b5 0-1


[Site "https://www.chess.com"]

[Event "Titled Tuesday Blitz May 9 Late 2023"]
[White "Komov, Roman"]
[Black "Papayan, Oleg"]
[WhiteFideId "24175714"]
[BlackFideId "4193911"]
[WhiteElo "2189"]
[BlackElo "2171"]
[Result "1-0"]
[Round "05"]
[TimeControl "180+2"]
[Date "2023.05.09"]
[WhiteClock "0:01:15"]
[BlackClock "0:00:00"]

1. e4 c5 2. c3 Nf6 3. e5 Nd5 4. d4 cxd4 5. Nf3 Nc6 6. Bc4 Nb6 7. Bb3 d5 8. exd6 Qxd6 9. O-O d3 10. Na3 Bf5 11. Nb5 Qd7 12. Bf4 Rc8 13. Re1 e6 14. Nfd4 Nxd4 15. Nxd4 Rc5 16. a4 a5 17. Be3 Be7 18. Nxf5 Rxf5 19. Bxb6 O-O 20. Bd4 Rd8 21. Qxd3 e5 22. Bc2 g6 23. Qe2 Rh5 24. Bxe5 Re8 25. Rad1 Qc6 26. Qf3 Qc8 27. Bb3 Rf5 28. Qg3 Bc5 29. Bd4 Rxe1+ 30. Rxe1 Bxd4 31. cxd4 Qd8 32. Qe3 Kg7 33. d5 Qd6 34. Qd4+ Kh6 35. h4 Rf4 36. Qe3 Kg7 37. Qe5+ Qxe5 38. Rxe5 Rxh4 39. d6 Rd4 40. Re7 Rxd6 41. Rxf7+ Kh6 42. Rxb7 Rd1+ 43. Bxd1 1-0


[Site "https://www.chess.com"]

[Event "Titled Tuesday Blitz May 9 Late 2023"]
[White "Bayo Milagro, Alvaro"]
[Black "Pein, Jonathan"]
[WhiteFideId "22275240"]
[BlackFideId "417092"]
[WhiteElo "2270"]
[BlackElo "2151"]
[Result "1-0"]
[Round "05"]
[TimeControl "180+2"]
[Date "2023.05.09"]
[WhiteClock "0:00:04"]
[BlackClock "0:00:06"]

1. Nf3 d5 2. c4 dxc4 3. Na3 g6 4. Nxc4 Bg7 5. g3 Nc6 6. Bg2 e5 7. d3 Nge7 8. O-O O-O 9. Bd2 h6 10. Qc1 Kh7 11. Bc3 Nd4 12. Qd1 Nec6 13. b4 Bg4 14. Nxd4 Nxd4 15. Bxd4 exd4 16. Bxb7 Rb8 17. Bg2 Rxb4 18. h3 Be6 19. Rb1 a5 20. Nxa5 Rxb1 21. Qxb1 Qd7 22. Kh2 Qa4 23. Nc6 Qxa2 24. Qxa2 Bxa2 25. Ra1 Bb3 26. Bf3 Bf6 27. Kg2 Kg7 28. Ra7 Rc8 29. Rb7 Bd1 30. e4 Bxf3+ 31. Kxf3 g5 32. Na7 Re8 33. Rxc7 Be5 34. Rb7 Re6 35. Nb5 Rf6+ 36. Ke2 h5 37. Na3 h4 38. gxh4 gxh4 39. Nc4 Bf4 40. Rb5 Rg6 41. Rf5 Bc7 42. Kf3 Rg1 43. e5 Rh1 44. Ke4 Rxh3 45. Kxd4 Rh2 46. Ke4 Kg6 47. Ne3 h3 48. Rf3 Rh1 49. d4 Kg5 50. Rg3+ Kh6 51. Nf5+ Kh5 52. Kf4 f6 53. Rg8 h2 54. f3 fxe5+ 55. dxe5 Bxe5+ 56. Kxe5 Re1+ 57. Kf4 h1=Q 58. Rg5# 1-0


[Site "https://www.chess.com"]

[Event "Titled Tuesday Blitz May 9 Late 2023"]
[White "Balla, Tamas-Kristof"]
[Black "brm72"]
[WhiteFideId "1208497"]
[WhiteElo "2334"]
[BlackElo "2551"]
[Result "1-0"]
[Round "05"]
[TimeControl "180+2"]
[Date "2023.05.09"]
[WhiteClock "0:01:22"]
[BlackClock "0:01:41"]

1. f4 Nf6 2. b3 g6 3. Bb2 Bg7 4. Nf3 O-O 5. g3 d6 6. Bg2 Nc6 7. e3 Qe8 8. O-O e5 9. fxe5 Ng4 10. Nc3 Ngxe5 11. Nxe5 Nxe5 12. Rb1 c6 13. Ne4 Qd8 14. Ba3 c5 15. Nc3 Rb8 16. Nd5 b5 17. d4 Ng4 18. h3 Nh6 19. dxc5 b4 20. Bxb4 dxc5 21. Bxc5 Re8 22. Ne7+ Kh8 23. Qxd8 Rxd8 24. Nc6 1-0


[Site "https://www.chess.com"]

[Event "Titled Tuesday Blitz May 9 Late 2023"]
[White "Gasparyan, David"]
[Black "Garcia Cuenca, Victor"]
[WhiteFideId "13311980"]
[BlackFideId "2250829"]
[WhiteElo "2402"]
[BlackElo "2329"]
[Result "1-0"]
[Round "05"]
[TimeControl "180+2"]
[Date "2023.05.09"]
[WhiteClock "0:00:07"]
[BlackClock "0:00:00"]

1. Nf3 Nf6 2. g3 g6 3. Bg2 Bg7 4. O-O O-O 5. Nc3 c5 6. e4 Nc6 7. d3 d6 8. Re1 e5 9. h3 h6 10. a3 Be6 11. Rb1 Qd7 12. Kh2 Rac8 13. Bd2 Nd4 14. b4 b6 15. Nxd4 cxd4 16. Ne2 Qa4 17. Rb2 d5 18. f4 dxe4 19. fxe5 Nh5 20. Bxe4 Bxe5 21. Bxh6 Qxa3 22. Qa1 Qxa1 23. Rxa1 Rfe8 24. Rxa7 Nf6 25. Bg2 Bd5 26. Nf4 Bxg2 27. Kxg2 Bxf4 28. Bxf4 Re2+ 29. Kf3 Rcxc2 30. Rxc2 Rxc2 31. Ra8+ Kh7 32. Be5 Ng8 33. Bxd4 Rd2 34. Ke3 Rg2 35. Kf3 Rd2 36. Bxb6 Rxd3+ 37. Kf2 Rb3 38. Bc5 Nf6 39. Bd4 Ne4+ 40. Ke1 g5 41. Rb8 Nxg3 42. b5 Nf5 43. Bc5 Rc3 44. Bf2 Rb3 45. b6 Nd6 46. Rd8 Nc4 47. Rb8 Nxb6 48. Rxb6 Rxh3 49. Rf6 Kg7 50. Bd4 Rh4 51. Rd6+ Kh7 52. Kf2 Rf4+ 53. Kg3 f5 54. Bf6 Rg4+ 55. Kf3 Kg6 56. Be7+ Kf7 57. Bd8 Ke8 58. Bb6 Kf7 59. Bd4 Rh4 60. Be5 Rh3+ 61. Kg2 Ra3 62. Rf6+ Ke7 63. Rh6 g4 64. Bf6+ Ke6 65. Bb2+ Kd5 66. Bxa3 Ke4 67. Bc1 f4 68. Rf6 f3+ 69. Kg3 Kd3 70. Rf4 Kc2 71. Kxg4 Kxc1 72. Kxf3 1-0


[Site "https://www.chess.com"]

[Event "Titled Tuesday Blitz May 9 Late 2023"]
[White "Altman, Joshua"]
[Black "Kujawski, Adam"]
[WhiteFideId "426210"]
[BlackFideId "1100920"]
[WhiteElo "2028"]
[BlackElo "2054"]
[Result "1-0"]
[Round "05"]
[TimeControl "180+2"]
[Date "2023.05.09"]
[WhiteClock "0:01:00"]
[BlackClock "0:00:00"]

1. d4 Nf6 2. c4 e6 3. Nf3 c5 4. d5 d6 5. Nc3 g6 6. Bg5 Bg7 7. e3 h6 8. Bh4 Qa5 9. Nd2 e5 10. Be2 a6 11. a4 Nh7 12. O-O g5 13. Bg3 f5 14. Bh5+ Kf8 15. f4 exf4 16. exf4 g4 17. Nb3 Qc7 18. Re1 Nf6 19. Bg6 h5 20. Bh4 Rh6 21. Bxf6 Rxg6 22. Re7 Qxe7 23. Bxe7+ Kxe7 24. Qe2+ Kf7 25. Re1 Bd7 26. Qe7+ Kg8 27. Qd8+ Kh7 28. Re7 Kh6 29. Rxd7 Nxd7 30. Qxa8 Nf6 31. Qxb7 h4 32. g3 Nh5 33. Ne2 Bxb2 34. Nxc5 dxc5 35. Qxb2 Rg8 36. d6 1-0


[Site "https://www.chess.com"]

[Event "Titled Tuesday Blitz May 9 Late 2023"]
[White "Spitzl, Vinzent"]
[Black "Colpe, Malte"]
[WhiteFideId "12901253"]
[BlackFideId "24623075"]
[WhiteElo "2225"]
[BlackElo "2289"]
[Result "1/2-1/2"]
[Round "05"]
[TimeControl "180+2"]
[Date "2023.05.09"]
[WhiteClock "0:00:44"]
[BlackClock "0:00:15"]

1. e4 c5 2. Nf3 a6 3. c3 d5 4. exd5 Qxd5 5. d4 e6 6. Be2 Nf6 7. Be3 cxd4 8. Qxd4 Nc6 9. Qd2 Be7 10. O-O O-O 11. Rd1 Qxd2 12. Nbxd2 Nd5 13. Nc4 Nxe3 14. Nxe3 Bc5 15. Nd4 Nxd4 16. cxd4 Ba7 17. Bf3 Rb8 18. Rac1 Bd7 19. Rc7 Rfd8 20. Rxb7 Rxb7 21. Bxb7 Rb8 22. Bxa6 Rxb2 23. Bc4 Ba4 24. Rc1 g6 25. d5 exd5 26. Bxd5 Bb6 27. h3 Kg7 28. Bc4 f5 29. Bb3 Bxb3 30. axb3 Bxe3 31. fxe3 Rxb3 32. Kf2 h5 33. h4 1/2-1/2


[Site "https://www.chess.com"]

[Event "Titled Tuesday Blitz May 9 Late 2023"]
[White "Hollan, Petr"]
[Black "Sreyas Payyappat"]
[WhiteFideId "360945"]
[BlackFideId "46674969"]
[WhiteElo "2254"]
[BlackElo "2043"]
[Result "0-1"]
[Round "05"]
[TimeControl "180+2"]
[Date "2023.05.09"]
[WhiteClock "0:00:50"]
[BlackClock "0:02:01"]

1. e4 c6 2. b3 d5 3. exd5 cxd5 4. Bb2 Nc6 5. Bb5 Nf6 6. Nf3 g6 7. Ne5 Qb6 8. Nxc6 bxc6 9. Be2 Bg7 10. O-O O-O 11. d3 Re8 12. Nd2 e5 13. Kh1 Ba6 14. a4 e4 15. dxe4 Bxe2 16. Qxe2 Nxe4 17. a5 Qc7 0-1


[Site "https://www.chess.com"]

[Event "Titled Tuesday Blitz May 9 Late 2023"]
[White "Pasti, Aron"]
[Black "Sanhueza, Cristian"]
[WhiteFideId "785857"]
[BlackFideId "116815"]
[WhiteElo "2173"]
[BlackElo "2174"]
[Result "1-0"]
[Round "05"]
[TimeControl "180+2"]
[Date "2023.05.09"]
[WhiteClock "0:00:19"]
[BlackClock "0:00:00"]

1. e4 e5 2. Nf3 Nc6 3. Bb5 a6 4. Ba4 Nf6 5. O-O Be7 6. Re1 b5 7. Bb3 d6 8. c3 O-O 9. h3 Nb8 10. d4 Nbd7 11. a4 Bb7 12. Bc2 Re8 13. Nbd2 Bf8 14. Nf1 g6 15. g4 Nb6 16. Ng3 Nxa4 17. Bg5 h6 18. Bd2 Nxb2 19. Qc1 Nc4 20. Bxh6 exd4 21. Bxf8 Rxf8 22. cxd4 Kg7 23. Qg5 Rh8 24. e5 Nd5 25. e6 Qxg5 26. Nxg5 Nf4 27. exf7 Nd2 28. Re7 Nxh3+ 29. Nxh3 Rxh3 30. Rxc7 Bd5 31. Be4 Nxe4 32. Nxe4 Bxe4 33. f3 Rg3+ 34. Kh2 Rxf3 35. Re1 Rh8+ 36. Kg1 Rg3+ 37. Kf2 Rf3+ 38. Ke2 Rh2+ 39. Kd1 Rd3+ 40. Kc1 Rxd4 41. Rf1 1-0


[Site "https://www.chess.com"]

[Event "Titled Tuesday Blitz May 9 Late 2023"]
[White "Grinev, Valeriy"]
[Black "Rangel, Daniel"]
[WhiteFideId "14117517"]
[BlackFideId "2124475"]
[WhiteElo "2366"]
[BlackElo "2256"]
[Result "0-1"]
[Round "05"]
[TimeControl "180+2"]
[Date "2023.05.09"]
[WhiteClock "0:01:46"]
[BlackClock "0:01:07"]

1. e4 c5 2. Nc3 g6 3. Nf3 Bg7 4. d4 cxd4 5. Nxd4 Nc6 6. Nxc6 dxc6 7. Be3 Qxd1+ 8. Rxd1 Bxc3+ 9. bxc3 Nf6 10. f3 Be6 11. c4 Nd7 12. f4 f5 13. e5 Nb6 14. Bxb6 axb6 15. Rb1 Rxa2 16. Rxb6 Rxc2 17. Rxb7 Kf7 18. Rc7 Ra8 19. Be2 Ra1+ 20. Bd1 Bxc4 21. Rxc6 Re2+ 22. Kf1 Rxd1# 0-1


[Site "https://www.chess.com"]

[Event "Titled Tuesday Blitz May 9 Late 2023"]
[White "Kavutskiy, Konstantin"]
[Black "Arnold, Ken"]
[WhiteFideId "2026384"]
[BlackFideId "2056836"]
[WhiteElo "2323"]
[BlackElo "2384"]
[Result "0-1"]
[Round "05"]
[TimeControl "180+2"]
[Date "2023.05.09"]
[WhiteClock "0:00:00"]
[BlackClock "0:00:16"]

1. d4 Nf6 2. Bg5 d5 3. Nd2 c6 4. e3 Bf5 5. Bd3 Bxd3 6. cxd3 Qb6 7. Qb3 Nbd7 8. Ngf3 h6 9. Bh4 g5 10. Bg3 Nh5 11. O-O-O Nxg3 12. hxg3 Qxb3 13. Nxb3 Bg7 14. Kb1 e6 15. g4 a5 16. Nbd2 a4 17. a3 Ke7 18. Nf1 c5 19. dxc5 Nxc5 20. Ng3 Nb3 21. d4 Rhc8 22. Nd2 Nxd2+ 23. Rxd2 Rc4 24. Rc1 b5 25. Rxc4 bxc4 26. Ne2 Kd7 27. Kc2 Kc6 28. Rd1 e5 29. Ng3 exd4 30. exd4 Re8 31. Kc3 Bf8 32. Nf5 Rb8 33. Kc2 Rb3 34. Re1 c3 35. bxc3 Bxa3 36. Ne7+ Kd6 37. Nf5+ Kd7 38. Ra1 Kc6 39. Nxh6 Kb5 40. Nxf7 Rb2+ 41. Kd3 Rxf2 42. Nxg5 Bb2 43. Ra2 a3 44. Nf3 Rxg2 45. g5 Rg3 46. Ke3 Kc4 47. Kf2 Rxf3+ 48. Kxf3 Kb3 49. Rxa3+ Bxa3 50. g6 Bf8 51. Kf4 Kxc3 52. Ke5 Kc4 53. Ke6 Kxd4 54. Kf7 Bh6 55. Kg8 Ke5 56. Kh7 Bf8 57. Kg8 Be7 58. Kf7 Bf6 0-1


[Site "https://www.chess.com"]

[Event "Titled Tuesday Blitz May 9 Late 2023"]
[White "Fathy, Elameir"]
[Black "Gonzalez, Francisco Silva"]
[WhiteFideId "10600396"]
[BlackFideId "1512285"]
[WhiteElo "2311"]
[BlackElo "2074"]
[Result "0-1"]
[Round "05"]
[TimeControl "180+2"]
[Date "2023.05.09"]
[WhiteClock "0:00:00"]
[BlackClock "0:00:48"]

1. d4 Nf6 2. c4 e6 3. Nf3 d5 4. Nc3 a6 5. c5 b6 6. cxb6 c5 7. dxc5 Bxc5 8. Na4 Bxb6 9. Nxb6 Qxb6 10. e3 Ne4 11. Bd3 Qb4+ 12. Nd2 O-O 13. O-O Bb7 14. a3 Qe7 15. f3 Nc5 16. Bc2 Nc6 17. b4 Nd7 18. Bb2 Nce5 19. Qe2 Rac8 20. Bb3 Qh4 21. Rac1 Rfe8 22. Ba4 Red8 23. Bd4 Qh5 24. Bb3 Nc6 25. Bb2 Nf6 26. Bxf6 gxf6 27. Rc5 Ne5 28. Rfc1 Qg6 29. Bc2 Rxc5 30. bxc5 Qh5 31. Bd3 a5 32. Bb5 d4 33. c6 d3 34. Qf2 Bc8 35. e4 Qh6 36. Rd1 f5 37. exf5 exf5 38. Qg3+ Ng6 39. Nc4 f4 40. Qf2 Qg5 41. Qb6 Nh4 0-1


[Site "https://www.chess.com"]

[Event "Titled Tuesday Blitz May 9 Late 2023"]
[White "Bryant, Todd"]
[Black "FoxOnTheRun97"]
[WhiteFideId "2031299"]
[WhiteElo "2370"]
[BlackElo "2519"]
[Result "0-1"]
[Round "05"]
[TimeControl "180+2"]
[Date "2023.05.09"]
[WhiteClock "0:00:03"]
[BlackClock "0:00:07"]

1. e4 c6 2. d4 d5 3. f3 e6 4. Nc3 Nf6 5. a3 Qb6 6. Be3 Be7 7. Bd3 a5 8. Nh3 a4 9. Qc1 c5 10. e5 Nfd7 11. dxc5 Bxc5 12. Bxc5 Qxc5 13. Qg5 h6 14. Qxg7 Qe3+ 15. Kf1 Qxe5 16. Qxe5 Nxe5 17. Bb5+ Bd7 18. Re1 Ng6 19. Kf2 Ra5 20. Bd3 Ne7 21. Nf4 Nbc6 22. Nh5 Kd8 23. Nb5 Nc8 24. Nf6 N6e7 25. Nxd7 Kxd7 26. g4 Nd6 27. Nxd6 Kxd6 28. h4 Rc5 29. g5 hxg5 30. hxg5 Rxh1 31. Rxh1 Nc6 32. f4 Nd4 33. Rh7 Rc7 34. g6 fxg6 35. Rxc7 Kxc7 36. Bxg6 Kd6 37. Ke3 Kc5 38. c3 Nb3 39. Bf7 Kd6 40. Bg8 Na5 41. Kd3 Nc4 42. Kc2 Ne3+ 43. Kd3 Ng2 44. c4 Nxf4+ 45. Kc3 Kc5 46. cxd5 exd5 47. b3 d4+ 48. Kc2 axb3+ 49. Kxb3 Nd5 50. Kc2 Ne3+ 51. Kd3 Nd5 52. Bf7 Nb6 53. Bg8 Na4 54. Bf7 Nb2+ 55. Kd2 Nc4+ 56. Kc2 Nxa3+ 57. Kb3 Nb5 58. Kc2 Nd6 59. Bg8 b5 60. Kd3 b4 61. Bb3 Nf5 62. Ke4 Ne3 63. Kd3 Nd5 64. Ba4 Nc3 65. Bb3 Nb1 66. Ba4 Na3 67. Bb3 Nb5 68. Bg8 Nc7 69. Bb3 Nd5 70. Ba4 Nf4+ 71. Kd2 Kd5 72. Bb3+ Ke4 73. Bc4 d3 74. Bb5 Kd4 75. Ba6 b3 76. Kc1 Kc3 77. Bxd3 Nxd3+ 78. Kb1 b2 79. Ka2 Kc2 80. Ka3 b1=Q 81. Ka4 Qb4# 0-1


[Site "https://www.chess.com"]

[Event "Titled Tuesday Blitz May 9 Late 2023"]
[White "Haszon, David"]
[Black "Wizard_of_Odds"]
[WhiteFideId "733610"]
[WhiteElo "2210"]
[BlackElo "2340"]
[Result "1-0"]
[Round "05"]
[TimeControl "180+2"]
[Date "2023.05.09"]
[WhiteClock "0:00:05"]
[BlackClock "0:00:00"]

1. e4 c5 2. Nf3 d6 3. d4 cxd4 4. Nxd4 Nf6 5. f3 Nc6 6. c4 e6 7. Nc3 Be7 8. Be2 O-O 9. Be3 a6 10. O-O Ne5 11. Rc1 Qc7 12. Kh1 b6 13. Qd2 Bb7 14. Rfd1 Rac8 15. b3 Rfe8 16. Qe1 Qb8 17. Qf2 Ned7 18. Rc2 Bd8 19. Bf1 Bc7 20. g3 h5 21. Bg2 h4 22. g4 d5 23. g5 Bxh2 24. Qxh4 Bg3 25. Qh3 dxe4 26. gxf6 exf3 27. Nxf3 Nxf6 28. Ng5 Rcd8 29. Rf1 Be5 30. Bxb7 Qxb7+ 31. Rg2 Bxc3 32. Rg1 Kf8 33. Bf4 Bd4 34. Rf1 e5 35. Bh2 Rd6 36. Qh8+ Ke7 37. Qxg7 Kd8 38. Nxf7+ Kc7 39. Nxd6+ Kc6 40. Qxb7+ Kxd6 41. Rxf6+ Re6 42. Qd5+ 1-0


[Site "https://www.chess.com"]

[Event "Titled Tuesday Blitz May 9 Late 2023"]
[White "Ng, Gary"]
[Black "Bambino Filho, Antonio Carlos"]
[WhiteFideId "2604914"]
[BlackFideId "2113163"]
[WhiteElo "2331"]
[BlackElo "2508"]
[Result "1-0"]
[Round "05"]
[TimeControl "180+2"]
[Date "2023.05.09"]
[WhiteClock "0:00:02"]
[BlackClock "0:00:06"]

1. d4 Nf6 2. Bf4 d5 3. e3 c5 4. dxc5 Nc6 5. Bb5 g6 6. c3 Bg7 7. Nd2 O-O 8. Ngf3 Nh5 9. Bg5 h6 10. Bh4 g5 11. Bg3 Nxg3 12. hxg3 e5 13. Bxc6 bxc6 14. b4 a5 15. O-O axb4 16. cxb4 Ba6 17. Re1 f5 18. Nb3 Bb5 19. Na5 Rxa5 20. bxa5 Qxa5 21. a4 Bc4 22. Rb1 Ra8 23. Rb7 Qxc5 24. Nd2 Ba6 25. Rd7 Rb8 26. Qh5 Qf8 27. Qg6 Qf6 28. Rxg7+ Qxg7 29. Qxc6 Qb7 30. Qxh6 Bd3 31. Qxg5+ Kf7 32. Qh5+ Kg7 33. Nf3 Qc7 34. Ng5 Qe7 35. Rc1 Rb7 36. Rc8 f4 37. Qh8+ Kg6 38. Rg8+ Kf5 39. gxf4 exf4 40. Rf8+ Kg4 41. f3+ Kxg5 42. Rg8+ Bg6 43. exf4+ Kxf4 44. Rxg6 Rb1+ 45. Kh2 Qe5 46. Qh6+ Kf5+ 47. g3 Rb2+ 48. Kh3 Qe1 49. Rg5# 1-0


[Site "https://www.chess.com"]

[Event "Titled Tuesday Blitz May 9 Late 2023"]
[White "Dragomirescu, Robin-Alexandru"]
[Black "Georg, Heinz"]
[WhiteFideId "1213849"]
[BlackFideId "4607295"]
[WhiteElo "2356"]
[BlackElo "2310"]
[Result "1-0"]
[Round "05"]
[TimeControl "180+2"]
[Date "2023.05.09"]
[WhiteClock "0:01:48"]
[BlackClock "0:01:17"]

1. e4 c5 2. b3 Nc6 3. Bb2 e5 4. Bc4 g6 5. f4 Bg7 6. Nf3 d6 7. O-O Nge7 8. f5 gxf5 9. Ng5 d5 10. exd5 Nxd5 11. Qh5 Rf8 12. Nc3 h6 13. Nxf7 Rxf7 14. Bxd5 Qf6 15. Nb5 Kf8 16. Bxf7 Qxf7 17. Qxf7+ Kxf7 18. Nd6+ Ke6 19. Nxf5 1-0


[Site "https://www.chess.com"]

[Event "Titled Tuesday Blitz May 9 Late 2023"]
[White "Karas, Marek"]
[Black "Vaglio Munoz, Jaime"]
[WhiteFideId "14928558"]
[BlackFideId "6500145"]
[WhiteElo "2233"]
[BlackElo "2199"]
[Result "1-0"]
[Round "05"]
[TimeControl "180+2"]
[Date "2023.05.09"]
[WhiteClock "0:00:07"]
[BlackClock "0:00:20"]

1. c4 c6 2. Nf3 b5 3. b3 d5 4. e3 a6 5. Bb2 Bg4 6. Be2 Bxf3 7. Bxf3 e6 8. O-O Nf6 9. Qc2 Be7 10. d3 O-O 11. Nd2 Nbd7 12. e4 Qb8 13. Rfe1 Bd6 14. g3 Rc8 15. Bg2 a5 16. Rab1 a4 17. Ba1 Bb4 18. Bc3 Bf8 19. f4 Qa7+ 20. Kh1 Ng4 21. h3 Ne3 22. Qc1 Nxg2 23. Kxg2 d4 24. Bb2 a3 25. Ba1 Bb4 26. Re2 Bxd2 27. Rxd2 c5 28. cxb5 Qb7 29. b4 f5 30. Qe1 Nf6 31. Re2 Qxb5 32. bxc5 Qxc5 33. exf5 Qd5+ 34. Kh2 exf5 35. Qb4 Qf3 36. Rbe1 Nh5 37. Rg2 Qxd3 38. Qxd4 Qxd4 39. Bxd4 Ra4 40. Be5 Rac4 41. Rf2 Kf7 42. Rfe2 g6 43. Ba1 Rc2 44. Kg2 Rxe2+ 45. Rxe2 Rc1 46. Be5 Ra1 47. Bxa1 Nf6 48. Bxf6 Kxf6 49. Re3 g5 50. Rxa3 gxf4 51. gxf4 Kg6 52. Kf3 Kh5 53. Ra5 h6 54. Rxf5+ Kh4 55. Re5 h5 56. Rd5 Kxh3 57. Rxh5# 1-0


[Site "https://www.chess.com"]

[Event "Titled Tuesday Blitz May 9 Late 2023"]
[White "Martinez, Shawn"]
[Black "Moore, Nicholas"]
[WhiteFideId "2039770"]
[BlackFideId "4303709"]
[WhiteElo "2174"]
[BlackElo "2501"]
[Result "1-0"]
[Round "05"]
[TimeControl "180+2"]
[Date "2023.05.09"]
[WhiteClock "0:00:23"]
[BlackClock "0:00:03"]

1. e4 c5 2. Nc3 e6 3. g3 d5 4. Bg2 d4 5. Nce2 d3 6. cxd3 Nc6 7. Nf3 g6 8. O-O Bg7 9. d4 cxd4 10. d3 Nge7 11. a3 a5 12. Rb1 O-O 13. Bd2 Qb6 14. b4 axb4 15. axb4 Rd8 16. b5 Nb8 17. Qb3 Nd7 18. Rfc1 e5 19. Bb4 Re8 20. Bh3 Qxb5 21. Ng5 h6 22. Qxf7+ Kh8 23. Qxe8+ Ng8 24. Nf7+ Kh7 25. Nd6 Qxd3 26. Nxc8 Ndf6 27. Qf7 Qxe2 28. Bf8 Qxf2+ 29. Kxf2 Nxe4+ 30. Kg1 Ng5 31. Qxg7# 1-0


[Site "https://www.chess.com"]

[Event "Titled Tuesday Blitz May 9 Late 2023"]
[White "Cruz, William Ferreira Da"]
[Black "rikchessmx"]
[WhiteFideId "2118050"]
[WhiteElo "2223"]
[BlackElo "2201"]
[Result "1-0"]
[Round "05"]
[TimeControl "180+2"]
[Date "2023.05.09"]
[WhiteClock "0:00:57"]
[BlackClock "0:00:56"]

1. d4 Nf6 2. c4 e6 3. Nc3 d5 4. cxd5 exd5 5. Bg5 Nbd7 6. e3 Be7 7. Bd3 O-O 8. Nge2 c6 9. Qc2 Re8 10. O-O g6 11. Rad1 Nh5 12. Bh6 Bg5 13. Bxg5 Qxg5 14. b4 a6 15. a4 b5 16. a5 f5 17. Ng3 Nxg3 18. hxg3 Nf6 19. Be2 Bd7 20. Bf3 Re7 21. Ne2 Qh6 22. Nf4 g5 23. Nd3 g4 24. Be2 Ne4 25. Nf4 Qg5 26. Bd3 Nd6 27. Qc5 Qf6 28. Nxd5 cxd5 29. Qxd5+ Kg7 30. Qxa8 h5 31. Qxa6 h4 32. gxh4 Re6 33. Qa7 Re7 34. Qc5 Nc4 35. Bxc4 bxc4 36. g3 f4 37. exf4 Bf5 38. d5 Bd3 39. d6 Rd7 40. Qe5 Rxd6 41. Rxd3 cxd3 42. Rd1 d2 43. Kf1 Qxe5 44. fxe5 Rd4 45. b5 Rd5 46. b6 Rxa5 47. Rb1 Rb5 48. Rd1 Rxb6 49. Rxd2 Kg6 50. Rd6+ Rxd6 51. exd6 Kf5 52. d7 1-0


[Site "https://www.chess.com"]

[Event "Titled Tuesday Blitz May 9 Late 2023"]
[White "Roman, Rodrigo"]
[Black "Jonkman, Harmen"]
[WhiteFideId "3701220"]
[BlackFideId "1002708"]
[WhiteElo "1995"]
[BlackElo "2368"]
[Result "0-1"]
[Round "05"]
[TimeControl "180+2"]
[Date "2023.05.09"]
[WhiteClock "0:00:52"]
[BlackClock "0:00:59"]

1. e4 e6 2. d4 d5 3. Nc3 Nf6 4. Bg5 Be7 5. e5 Nfd7 6. Bxe7 Qxe7 7. Nb5 Nb6 8. c3 a6 9. Na3 c5 10. f4 Nc6 11. Nf3 f6 12. Nc2 fxe5 13. fxe5 O-O 14. Bd3 cxd4 15. cxd4 Nb4 16. Nxb4 Qxb4+ 17. Qd2 a5 18. O-O Rxf3 19. Bxh7+ Kxh7 20. Qc2+ Rf5 21. Qd3 Kg8 22. g4 Rxf1+ 23. Rxf1 Bd7 24. Qg6 Qxd4+ 0-1


[Site "https://www.chess.com"]

[Event "Titled Tuesday Blitz May 9 Late 2023"]
[White "Abdi, Farzad"]
[Black "Jovic, Stanoje"]
[WhiteFideId "2076829"]
[BlackFideId "905020"]
[WhiteElo "2263"]
[BlackElo "2236"]
[Result "0-1"]
[Round "05"]
[TimeControl "180+2"]
[Date "2023.05.09"]
[WhiteClock "0:00:04"]
[BlackClock "0:00:42"]

1. d4 Nf6 2. c4 e6 3. Nc3 Bb4 4. e3 O-O 5. Bd3 d5 6. Nf3 dxc4 7. Bxc4 a6 8. O-O b5 9. Bb3 Bd6 10. Qe2 Bb7 11. Rd1 Nbd7 12. e4 b4 13. e5 bxc3 14. bxc3 Ne4 15. Bc2 Nxc3 16. Qd3 Be4 17. Qxc3 Bxc2 18. Qxc2 Be7 19. Qc6 Nb6 20. Be3 Rc8 21. a4 a5 22. Rdc1 h6 23. Nd2 Nd5 24. Ne4 Rb8 25. Nc5 Bxc5 26. Qxc5 Nxe3 27. fxe3 Qg5 28. Rc3 Rb2 29. g3 Rfb8 30. Rf1 Rb1 31. Qxc7 Rxf1+ 32. Kxf1 Qf5+ 33. Kg2 Rb2+ 34. Kg1 Qf2+ 35. Kh1 Qxh2# 0-1


[Site "https://www.chess.com"]

[Event "Titled Tuesday Blitz May 9 Late 2023"]
[White "cristianserban1"]
[Black "6PackPlayer"]
[WhiteElo "2500"]
[BlackElo "2259"]
[Result "1-0"]
[Round "05"]
[TimeControl "180+2"]
[Date "2023.05.09"]
[WhiteClock "0:00:17"]
[BlackClock "0:00:00"]

1. d4 c5 2. c3 b6 3. Bf4 d6 4. e3 g6 5. Nf3 Bg7 6. Nbd2 Nf6 7. Be2 O-O 8. h3 Bb7 9. O-O Nbd7 10. a4 Ne4 11. Nxe4 Bxe4 12. Nd2 Bb7 13. a5 e5 14. dxe5 dxe5 15. Bg3 Qe7 16. e4 f5 17. exf5 gxf5 18. f4 e4 19. a6 Bc6 20. Nc4 Rad8 21. Qc2 Ba8 22. Ne3 Nb8 23. Bc4+ Kh8 24. Rad1 Bc6 25. Rxd8 Qxd8 26. Rd1 Qc8 27. Qe2 h6 28. Qh5 b5 29. Bf7 Bd7 30. Nd5 Nc6 31. Bh4 Be6 32. Bf6 Bxf7 33. Qxh6+ 1-0


[Site "https://www.chess.com"]

[Event "Titled Tuesday Blitz May 9 Late 2023"]
[White "Benaddi, Mouhcine"]
[Black "Sowa, Ryan"]
[WhiteFideId "9001050"]
[BlackFideId "30901693"]
[WhiteElo "2036"]
[BlackElo "2645"]
[Result "0-1"]
[Round "05"]
[TimeControl "180+2"]
[Date "2023.05.09"]
[WhiteClock "0:00:51"]
[BlackClock "0:01:29"]

1. Nf3 b6 2. g3 Bb7 3. Bg2 Nf6 4. O-O g6 5. c4 Bg7 6. Nc3 Ne4 7. Qc2 Nxc3 8. dxc3 O-O 9. Bf4 c5 10. Rad1 d6 11. Qd2 Nd7 12. Bh6 Qc7 13. Bxg7 Kxg7 14. Qg5 Nf6 15. Qh4 h6 16. Ne1 g5 17. Qh3 Bc8 18. g4 Bxg4 19. Qe3 Rac8 20. f4 Rg8 21. fxg5 hxg5 22. Nf3 Bxf3 23. Bxf3 Kf8 24. Kh1 g4 25. Bg2 Rg6 26. Rf4 Kg7 27. Rdf1 Rh8 28. Be4 Rgh6 29. Bf5 Rxh2+ 0-1


[Site "https://www.chess.com"]

[Event "Titled Tuesday Blitz May 9 Late 2023"]
[White "Seletsky, Grigory"]
[Black "Marcziter, Dmitrii"]
[WhiteFideId "14112191"]
[BlackFideId "13900765"]
[WhiteElo "2491"]
[BlackElo "2162"]
[Result "1-0"]
[Round "05"]
[TimeControl "180+2"]
[Date "2023.05.09"]
[WhiteClock "0:02:16"]
[BlackClock "0:00:49"]

1. e4 c5 2. Nc3 Nc6 3. d3 g6 4. Be3 d6 5. d4 cxd4 6. Bxd4 Nxd4 7. Qxd4 Nf6 8. e5 dxe5 9. Bb5+ Bd7 10. Qxe5 Bxb5 11. Nxb5 Qa5+ 12. c3 Qb6 13. Nc7+ Kd7 14. O-O-O+ Kc8 15. Nxa8 Bh6+ 16. Kb1 Rd8 17. Rxd8+ Qxd8 18. Nh3 Qd3+ 19. Ka1 Qd7 20. Qe2 Kb8 21. Rd1 Qc8 22. Qxe7 1-0


[Site "https://www.chess.com"]

[Event "Titled Tuesday Blitz May 9 Late 2023"]
[White "Ansh M Shah"]
[Black "Prydun, Andriy"]
[WhiteFideId "25033379"]
[BlackFideId "14145898"]
[WhiteElo "2084"]
[BlackElo "2164"]
[Result "0-1"]
[Round "05"]
[TimeControl "180+2"]
[Date "2023.05.09"]
[WhiteClock "0:00:11"]
[BlackClock "0:00:04"]

1. d4 Nf6 2. c4 d6 3. Nc3 g6 4. e4 Bg7 5. h4 Na6 6. Be2 c5 7. d5 Nc7 8. h5 gxh5 9. Bxh5 b5 10. cxb5 Rb8 11. a4 a6 12. Be2 Nd7 13. Bh6 Bf6 14. Nf3 axb5 15. axb5 Nb6 16. Bg5 Bg7 17. Qd2 Bd7 18. Nh4 c4 19. Nf5 Bxf5 20. exf5 Bxc3 21. Qxc3 f6 22. Bh6 Ncxd5 23. Qd4 Qd7 24. Bxc4 Nxc4 25. Qxc4 Qxf5 26. O-O Rg8 27. Rfd1 e6 28. Qc6+ Kf7 29. Ra7+ Kg6 30. Qd7 Kxh6 31. Rd4 Nf4 32. g3 Nh3+ 33. Kh2 Qxf2+ 34. Kxh3 Qxg3# 0-1


[Site "https://www.chess.com"]